 Dungeon Sprint DCSS version 0.22.1-1-ga44c0e56f4 (webtiles) character file.

2118 MuseOD the Impaler (level 9, -3/84 (86) HPs)
             Began as a Merfolk Berserker on Oct 7, 2018.
             Was an Elder of Trog.
             Succumbed to a death drake's dark miasma
             ... in the Dungeon (Sprint II: "The Violet Keep of Menkaure").
             The game lasted 00:01:48 (742 turns).

MuseOD the Impaler (Merfolk Berserker)               Turns: 742, Time: 00:01:48

HP:   -3/84 (86)    AC:  2    Str: 21    XL:     9   Next: 29%
MP:   9/9           EV: 17    Int:  6    God:    Trog [****..]
Gold: 810           SH:  0    Dex: 13    Spells: 8/8 levels left

rFire    . . .     SeeInvis .   a - +0 spear
rCold    . . .     Gourm    .   (no shield)
rNeg     . . .     Faith    .   b - +0 animal skin
rPois    .         Spirit   .   (no helmet)
rElec    .         Reflect  .   (no cloak)
rCorr    .         Harm     .   (no gloves)
MR       .....     NoTele   +   (no boots)
Stlth    +++.......             (no amulet)
HPRegen  0.00/turn              (no ring)
MPRegen  0.11/turn              (no ring)

@: lethally poisoned (-3 -> -101), non-regenerating, diseased, slowed, very slow
A: change form in water, swift swim, stealthy swim
a: Berserk, Trog's Hand, Brothers in Arms, Renounce Religion


You were in the Dungeon.
You worshipped Trog.
Trog was greatly pleased with you.
You were hungry.

You visited 1 branch You collected 810 gold pieces.

Inventory:

Hand Weapons
 a - a +0 spear (weapon)
Armour
 b - a +0 animal skin (worn)
Scrolls
 i - a scroll of blinking
Potions
 e - a potion of heal wounds
 f - a potion of haste
 g - 2 potions of magic
 h - a potion of berserk rage
Comestibles
 c - a ration


   Skills:
 + Level 13.9 Fighting
 + Level 16.8 Polearms
 + Level 5.0 Armour
 + Level 9.4 Dodging
 + Level 4.7 Stealth


You had 8 spell levels left.
You didn't know any spells.
Your spell library was empty.

Dungeon Overview and Level Annotations

Branches:
Dungeon (1/1)

Altars:
Cheibriados
Dithmenos
Elyvilon
Fedhas
Gozag
Kikubaaqudgha
Makhleb
Nemelex Xobeh
Okawaru
Sif Muna
Trog
Uskayaw
Vehumet
Yredelemnul
Zin
Jiyva
Lugonu


Message History

You feel very sick. The death drake breathes miasma at you.
The foul vapour engulfs you!
You are lethally poisoned!
You feel your flesh rotting away!
You feel ill.
* * * LOW HITPOINT WARNING * * *
You hit the death drake but do no damage.
You are engulfed in dark miasma.
You are more poisoned.
* * * LOW HITPOINT WARNING * * *
x2 You feel very sick.
The death drake bites you.
* * * LOW HITPOINT WARNING * * *
You hit the death drake.
The death drake is lightly wounded.
You are engulfed in dark miasma.
You are more poisoned.
You feel your flesh rotting away!
* * * LOW HITPOINT WARNING * * *
You die...

+# .. #. k .###.####
+.##. #..# ...# ..k####
#.### ..## #O§##§#
'###.##..# +.§#.§#
.####.#..# #.§#@§#
<.'.##'..####§§##k#
.##...#....###.(.##▓▓
'###.##......≈≈≈≈§≈≈≈≈≈≈
).####≈≈.....≈#+########
#..#≈≈≈≈§≈§§.≈#_._.....#
.##≈≈≈≈≈≈≈≈§≈#._._....#
##≈≈§≈≈≈≈≈§≈≈#_._._...#
≈≈≈≈§≈§≈≈§≈≈≈#._._._..#


You could see a death drake.

Vanquished Creatures
  A merfolk siren (D)
  A yaktaur (D)
  3 polar bears (D)
  A hornet (D)
  3 neqoxecs (D)
  Menkaure (D)
  4 worker ants (D)
  3 worms (D)
17 creatures vanquished.

Vanquished Creatures (collateral kills)
  A death drake (D)
1 creature vanquished.

Vanquished Creatures (others)
  A crocodile (D)
1 creature vanquished.

Grand Total: 19 creatures vanquished

Notes
Turn   | Place    | Note
-------+----------+-------------------------------------------
     0 | D        | MuseOD the Merfolk Berserker began the quest for the Orb.
     0 | D        | Reached XP level 1. HP: 18/18 MP: 1/1
     6 | D        | Reached skill level 5 in Polearms
     8 | D        | Reached XP level 2. HP: 25/25 MP: 2/2
    15 | D        | Noticed Menkaure
    18 | D        | Killed Menkaure
    18 | D        | Reached ** piety under Trog
    18 | D        | Reached skill level 8 in Polearms
    18 | D        | Reached XP level 3. HP: 19/34 MP: 3/3
    18 | D        | Reached XP level 4. HP: 23/40 MP: 4/4
    25 | D        | Killed a crocodile
   153 | D        | Reached skill level 9 in Polearms
   155 | D        | Reached *** piety under Trog
   155 | D        | Reached XP level 5. HP: 48/48 MP: 5/5
   156 | D        | Reached skill level 10 in Polearms
   156 | D        | Reached skill level 5 in Dodging
   156 | D        | Reached skill level 1 in Stealth
   194 | D        | Noticed a merfolk siren
   203 | D        | Killed a merfolk siren
   203 | D        | Reached skill level 10 in Fighting
   203 | D        | Reached skill level 13 in Polearms
   203 | D        | Reached XP level 6. HP: 38/61 MP: 6/6
   203 | D        | Reached XP level 7. HP: 42/67 MP: 7/7
   381 | D        | Noticed a neqoxec
   381 | D        | Noticed a neqoxec
   386 | D        | Killed a neqoxec
   386 | D        | Reached **** piety under Trog
   389 | D        | Noticed a neqoxec
   392 | D        | Killed a neqoxec
   392 | D        | Reached skill level 14 in Polearms
   407 | D        | Killed a neqoxec
   407 | D        | Reached XP level 8. HP: 76/76 MP: 8/8
   466 | D        | Found an iron altar of Okawaru.
   466 | D        | Found a radiant altar of Vehumet.
   466 | D        | Found a glowing silver altar of Zin.
   467 | D        | Found a sparkling altar of Nemelex Xobeh.
   467 | D        | Found a hide-covered altar of Uskayaw.
   468 | D        | Found an opulent altar of Gozag.
   468 | D        | Found a burning altar of Makhleb.
   468 | D        | Found a bloodstained altar of Trog.
   469 | D        | Found a blossoming altar of Fedhas.
   469 | D        | Found a corrupted altar of Lugonu.
   469 | D        | Found a basalt altar of Yredelemnul.
   469 | D        | Found a deep blue altar of Sif Muna.
   470 | D        | Found a white marble altar of Elyvilon.
   470 | D        | Found an ancient bone altar of Kikubaaqudgha.
   471 | D        | Found a shadowy altar of Dithmenos.
   471 | D        | Found a viscous altar of Jiyva.
   472 | D        | Found a snail-covered altar of Cheibriados.
   476 | D        | Noticed a polar bear
   484 | D        | Noticed a polar bear
   488 | D        | Killed a polar bear
   492 | D        | Noticed a polar bear
   497 | D        | Killed a polar bear
   497 | D        | Reached skill level 15 in Polearms
   498 | D        | Noticed a hornet
   503 | D        | Killed a hornet
   503 | D        | Reached ***** piety under Trog
   511 | D        | Killed a polar bear
   511 | D        | Reached skill level 16 in Polearms
   512 | D        | Noticed a yaktaur
   521 | D        | Killed a yaktaur
   521 | D        | Reached XP level 9. HP: 38/85 MP: 9/9
   727 | D        | Noticed a death drake
   732 | D        | Killed a death drake
   732 | D        | Received a gift from Trog
   732 | D        | Reached skill level 5 in Armour
   732 | D        | Noticed a death drake
   742 | D        | HP: 2/84 [death drake] (8)]
   742 | D        | Succumbed to a death drake's dark miasma

Skill      XL: |  1  2  3  4  5  6  7  8  9 |
---------------+----------------------------+-----
Polearms       | 5 8 9 13 14 16 | 16.8
Dodging        | 3 4 6 7 9 |  9.4
Fighting       | 4 6 7 10 11 13 | 13.9
Armour         | 2 3 4 5 |  5.0
Stealth        | 1 2 4 |  4.7

Action                   |  1- 3 |  4- 6 |  7- 9 || total
-------------------------+-------+-------+-------++-------
Melee: Spear             |     7 |    17 |    68 ||    92
Invok: Berserk           |     1 |     2 |     2 ||     5
       Brothers in Arms  |       |       |     3 ||     3
  Use: Potion            |       |       |     1 ||     1
 Stab: Distracted        |     1 |       |       ||     1
       Sleeping          |       |       |     1 ||     1
  Eat: Chunk             |       |       |     4 ||     4
Armor: Animal skin       |       |       |     2 ||     2
Dodge: Dodged            |       |     2 |    20 ||    22
